AoeStats
← OWL | AlfredtheAlpaca

Arena

509767596Analyzed
4v4 RM · 3d ago on Sep 27, 2026· 45m 30s· 8 players
Game mode
Random Map
Map size
Large (8 player)
Population
200
Speed
Normal
Resources
Standard
Victory
Conquest
Starting age
Dark Age
Ending age
Imperial Age
RankedLock teamsTeams togetherTeam positionsShared explorationLock speedFull tech treeHidden civsTurbo modeCheats
Victory
Defeat
🇨🇱 Vikings · Chile
1134
+16
🇦🇷 Italians · Argentina
1118
+17
🇨🇱 Khmer · Chile
1111
+17
🇨🇴 Goths · Colombia
1085
+18
🇲🇽 Saxons · Mexico
1176
-18
🇺🇸 Mongols · United States
1148
-17
🇸🇪 Franks · Sweden
1137
-17
🇲🇽 Danes · Mexico
1097
-16
mark_aoe_2024
10:41 Feudal Age
14:44 Castle Age
13:22 Double-Bit Axe
13:20 Horse Collar
16:59 Bow Saw
16:53 Heavy Plow
17:22 Loom
23:43 Wheelbarrow
23:24 Fletching
27:38 Hand Cart
33:23 Imperial Age
31:27 Ballistics
31:18 Fortified Wall
31:10 Bodkin Arrow
32:07 Husbandry
32:17 Bloodlines
32:16 Thumb Ring
32:15 Gold Mining
33:03 Masonry
34:29 Conscription
34:32 Drill
34:58 Parthian Tactics
35:19 Bracer
35:35 Elite Mangudai
36:45 Capped Ram
37:38 Siege Ram
37:46 Light Cavalry
38:58 Padded Archer Armor
39:55 Hussar
45:16 Scale Barding Armor
ROMANS91
10:34 Feudal Age
15:31 Castle Age
15:58 Pikeman
18:01 Double-Bit Axe
20:19 Bow Saw
20:09 Horse Collar
20:48 Light Cavalry
23:27 Loom
25:21 Wheelbarrow
24:32 Town Watch
25:06 Heavy Plow
25:39 Squires
25:53 Bloodlines
27:40 Redemption
27:25 Gold Mining
27:55 Hand Cart
32:12 Imperial Age
30:07 Sanctity
30:16 Ballistics
31:08 Husbandry
31:25 Fletching
31:46 Forging
33:12 Block Printing
34:32 Heavy Scorpion
38:58 Bodkin Arrow
39:39 Iron Casting
39:09 Scale Barding Armor
43:44 Blast Furnace
43:06 Chain Barding Armor
44:50 Conscription
OWL | AlfredtheAlpaca
10:44 Feudal Age
15:22 Castle Age
13:31 Horse Collar
13:37 Double-Bit Axe
16:51 Bow Saw
16:45 Heavy Plow
20:30 Wheelbarrow
23:32 Gold Mining
24:56 Gold Shaft Mining
25:32 Loom
29:25 Imperial Age
27:22 Hand Cart
27:14 Scale Mail Armor
27:48 Forging
28:08 Squires
27:54 Arson
27:55 Gambesons
29:04 Man-at-Arms
29:49 Stone Mining
30:46 Iron Casting
30:27 Chain Mail Armor
30:46 Ballistics
30:12 Long Swordsman
31:18 Two-Handed Swordsman
32:53 Plate Mail Armor
31:47 Heavy Scorpion
32:12 Champion
32:28 Shield Wall
33:36 Conscription
37:10 Hoardings
40:50 Fortified Wall
40:51 Masonry
41:43 Town Watch
42:33 Fletching
FappingFuriously
11:24 Feudal Age
13:54 Loom
17:13 Castle Age
16:44 Forging
16:21 Arson
17:26 Double-Bit Axe
35:31 Imperial Age
35:16 Wheelbarrow
35:05 Scale Mail Armor
35:08 Pikeman
36:34 Conscription
36:03 Halberdier
37:54 Iron Casting
39:12 Chain Mail Armor
39:59 Blast Furnace
39:05 Squires
41:26 Hand Cart
41:45 Plate Mail Armor
41:53 Bow Saw
42:02 Husbandry
42:15 Cavalier
43:11 Scale Barding Armor
Chuterr
0:43 Loom
11:45 Feudal Age
12:49 Horse Collar
13:42 Double-Bit Axe
19:58 Castle Age
17:34 Man-at-Arms
18:28 Stone Mining
18:37 Gold Mining
21:16 Heavy Plow
23:01 Wheelbarrow
23:19 Bow Saw
26:02 Hand Cart
26:43 Stone Shaft Mining
28:15 Anarchy
29:24 Town Watch
32:37 Imperial Age
31:08 Scale Mail Armor
31:18 Forging
32:06 Chain Mail Armor
31:55 Fletching
32:23 Masonry
31:54 Treadmill Crane
32:13 Murder Holes
32:58 Squires
33:41 Iron Casting
33:02 Bodkin Arrow
34:34 Conscription
34:29 Guilds
34:25 Town Patrol
34:58 Crop Rotation
35:30 Two-Man Saw
37:12 Blast Furnace
40:10 Perfusion
39:31 Elite Huskarl
bastianbps
10:17 Feudal Age
10:53 Loom
14:17 Castle Age
14:04 Double-Bit Axe
14:00 Horse Collar
18:50 Bow Saw
19:59 Heavy Plow
27:11 Imperial Age
27:17 Imperial Age
25:00 Gold Mining
25:04 Stone Mining
25:54 Fletching
28:10 Bodkin Arrow
28:55 Crossbowman
30:07 Bracer
30:08 Padded Archer Armor
30:30 Ballistics
31:11 Chemistry
29:48 Arbalester
31:27 Conscription
31:48 Leather Archer Armor
31:15 Treadmill Crane
32:43 Two-Man Saw
32:56 Gold Shaft Mining
33:24 Ring Archer Armor
32:57 Scale Mail Armor
33:32 Crop Rotation
34:18 Clinker Construction
35:42 Chain Mail Armor
35:48 Bogsveigar
38:41 Masonry
40:05 Plate Mail Armor
40:32 Elite Berserk
41:25 Forging
41:53 Squires
41:39 Arson
42:14 Chieftains
43:19 Iron Casting
46:40 Blast Furnace
46:19 Hoardings
45:15 Sappers
Pablo
11:12 Feudal Age
16:07 Castle Age
16:44 Loom
EMPANADADEPICOQUESO
9:11 Feudal Age
16:37 Castle Age
14:31 Horse Collar
16:33 Double-Bit Axe
17:44 Bow Saw
18:12 Wheelbarrow
17:39 Heavy Plow
20:00 Gold Mining
21:27 Gold Shaft Mining
22:42 Bloodlines
22:44 Husbandry
23:02 Forging
23:00 Scale Barding Armor
24:27 Iron Casting
26:08 Chain Barding Armor
33:13 Imperial Age
31:01 Hand Cart
32:28 Stone Mining
33:26 Elite Battle Elephant
35:32 Blast Furnace
35:11 Stone Shaft Mining
34:57 Light Cavalry
36:14 Hussar
37:58 Plate Barding Armor
39:52 Heavy Scorpion
41:11 Ballistics
41:51 Chemistry
40:57 Siege Engineers
41:00 Loom
41:56 Double Crossbow
Connection lost

Rejoining the realm…

Still unreachable

The connection could not be restored.

Session expired

The server has moved on; the page needs a fresh start.